 Dungeon Crawl Stone Soup version 0.29.1 (webtiles) character file.

Game seed: 14554688593463746059

986 qw the Chopper (level 8, -1/50 HPs)
             Began as a Gargoyle Fighter on Sept 13, 2022.
             Was an Initiate of Okawaru.
             Slain by a lemure (2 damage)
             ... led by Pikel
             ... on level 7 of the Dungeon.
             The game lasted 00:02:04 (6255 turns).

qw the Chopper (Gargoyle Fighter)                   Turns: 6255, Time: 00:02:05

Health: -1/50      AC:  9    Str: 23    XL:     8   Next: 18%
Magic:  8/8        EV:  6    Int:  8    God:    Okawaru [......]
Gold:   333        SH:  4    Dex:  9    Spells: 7/7 levels left

rFire   . . .      SeeInvis .   Y - +1 war axe (vorpal)
rCold   . . .      Faith    .   c - +0 buckler
rNeg    + + .      Spirit   .   g - +0 plate armour
rPois   inf        Reflect  .   n - +0 helmet
rElec   +          Harm     .   (no cloak)
rCorr   .          Rampage  .   e - +0 pair of gloves
Will    .....                   p - +0 pair of boots
Stlth   ..........              (no amulet)
HPRegen 0.16/turn               m - ring of positive energy
MPRegen 0.11/turn               (no ring)

@: corroded
A: sickness immunity, AC +5, negative energy resistance 1, electricity
resistance, torment resistance 1, petrification resistance
a: Renounce Religion


You were on level 7 of the Dungeon.
You worshipped Okawaru.
Okawaru was noncommittal.
You visited 2 branches of the dungeon, and saw 8 of its levels.

You collected 450 gold pieces.
You spent 117 gold pieces at shops.


Innate Abilities, Weirdness & Mutations

You are immune to sickness and miasma.
Your stone body is resilient. (AC +5)
You are immune to poison.
You resist negative energy. (rN+)
You are resistant to electric shocks. (rElec)
You are resistant to unholy torment.
You are immune to petrification.


   Skills:
 - Level 5.4 Fighting
 - Level 7.2 Axes
 + Level 4.3 Armour
 - Level 1.2 Dodging
 - Level 3.2 Shields


You had 7 spell levels left.
You didn't know any spells.
Your spell library was empty.

Inventory:

Hand Weapons
 b - a +0 flail
 Y - a +1 vorpal war axe (weapon)
Armour
 c - a +0 buckler (worn)
 e - a +0 pair of gloves (worn)
 g - a +0 plate armour (worn)
 n - a +0 helmet (worn)
 p - a +0 pair of boots (worn)
Jewellery
 l - a ring of ice
 m - a ring of positive energy (left hand)
Scrolls
 a - a scroll of identify
 r - a scroll of blinking
Potions
 d - 4 potions of might
 f - a potion of haste
 h - a potion of curing
 i - a potion of lignification
 j - a potion of mutation {unknown}
 k - a potion of ambrosia {unknown}
 q - a potion of invisibility {unknown}
 s - a potion of resistance

Dungeon Overview and Level Annotations

Branches:
Dungeon (7/15)             Temple (1/1) D:4

Altars:
Ashenzari
Elyvilon
Fedhas
Hepliaklqana
Makhleb
Okawaru
Trog
Vehumet
Wu Jian
Xom
Yredelemnul
Zin
The Shining One

Shops:
D:1 [=   D:6 [

Annotations:
D:5 2 transporters
D:7 Pikel


Message History

You hit the lemure but do no damage.
The lemure is heavily wounded.
You closely miss the lemure. You slash the lemure!
You hit Pikel but do no damage.
Pikel hits you with a +1 whip of freezing.
Pikel freezes you. The lemure barely misses you.
The lemure hits you but does no damage. x2
You hit the lemure.
The lemure is severely wounded.
You slash Pikel! You hit the lemure but do no damage. x2
Pikel barely misses you.
The lemure hits you but does no damage. x2
The lemure hits you.
You hit the lemure but do no damage.
The lemure is severely wounded.
You miss the lemure. You closely miss the lemure. You closely miss Pikel.
Pikel zaps a wand.
The bolt of acid hits you!
The lemure hits you but does no damage. x2; The lemure barely misses you.
You closely miss the lemure.
The lemure is severely wounded.
You closely miss the lemure. You barely miss Pikel.
You closely miss the lemure.
Pikel zaps a wand.
The bolt of acid hits you! The acid corrodes you!
The lemure hits you but does no damage.
An orc comes into view. It is wielding a +0 short sword.
The lemure hits you but does no damage. x2
You barely miss the lemure.
The lemure is severely wounded.
You hit the lemure. You hit Pikel but do no damage. You barely miss the lemure.
Pikel says, "You'll make a fine lemure."
Pikel zaps a wand.
The bolt of acid hits you! The acid corrodes you!
An orc priest comes into view. It is wielding a +0 club.
The lemure hits you but does no damage. The lemure hits you.
The lemure hits you but does no damage.
You barely miss the lemure.
The lemure is severely wounded.
You completely miss Pikel. You barely miss the lemure.
You closely miss the lemure.
The orc priest shouts!
Pikel hits you with a +1 whip of freezing.
Pikel freezes you. The lemure barely misses you. The lemure hits you. x2
You die...

.# ### #.# #.## .### #.#
#..# ....## #.## #..#
......### #..# #..#
........###..# #..#
......5..##..# #..#
.....cK@.....# #..#
......55l#...# ##..#
.o......##...#######...#
..o....##...[..¤¤¤...#..
......# #.~~¤~~~~~~..#..
.....# #..~.......~.###.
..... #..~.~~~~~.¤.###.
....# #...~¤~...~.¤.....
#..¤~.~._.~.~.#...


You could see Pikel, 3 lemures, a centaur, an iguana, an orc priest and an orc.

Vanquished Creatures
  A black bear (D:6)
  A centaur (D:4)
  A lemure (D:7)
  A bullfrog (D:6)
  3 scorpions
  A necrophage (D:6)
  A howler monkey (D:5)
  4 hounds
  A jelly (D:4)
  2 iguanas
  3 orc wizards (D:3)
  4 gnolls (D:3)
  8 adders
  An ufetubus (D:4)
  A worm (D:2)
  3 dart slugs
  10 orcs
  4 bats
  4 endoplasms
  3 giant cockroaches
  8 goblins
  6 hobgoblins
  3 jackals (D:3)
  2 quokkas
  4 ball pythons
  3 frilled lizards (D:1)
  10 kobolds
  6 rats
99 creatures vanquished.

Notes
Turn   | Place    | Note
-------+----------+-------------------------------------------
     0 | D:1      | qw the Gargoyle Fighter began the quest for the Orb.
     0 | D:1      | Reached XP level 1. HP: 14/14 MP: 1/1
     0 | D:1      | 0 ||| qw: Version: 0.1-a-119-g272c26d
     0 | D:1      | 0 ||| qw: Game counter: 11086
     0 | D:1      | 0 ||| qw: Always use a shield: true
     0 | D:1      | 0 ||| qw: God list: Okawaru
     0 | D:1      | 0 ||| qw: Allow faded altars: false
     0 | D:1      | 0 ||| qw: Do Orc after D:15 true
     0 | D:1      | 0 ||| qw: Do second Lair branch before Depths: true
     0 | D:1      | 0 ||| qw: Lair rune preference: random
     0 | D:1      | 0 ||| qw: Plans: Normal, Zot, God:TSO, Crypt, Tomb, Pan,
                  | Slime, Hells, Zig, Abyss, Orb
     0 | D:1      | 0 ||| PLANNING D:1-11
    26 | D:1      | Reached skill level 2 in Axes
    90 | D:1      | Found Zuatyinn's Jewellery Boutique.
   108 | D:1      | 108 ||| SHOPLISTING +4 ring of evasion (432 gold, have 22).
   108 | D:1      | 108 ||| SHOPLISTING +6 ring of dexterity (432 gold, have
                  | 22).
   108 | D:1      | 108 ||| SHOPLISTING amulet of guardian spirit (360 gold,
                  | have 22).
   108 | D:1      | 108 ||| SHOPLISTING ring of resist corrosion (240 gold,
                  | have 22).
   206 | D:1      | Reached XP level 2. HP: 19/19 MP: 2/2
   373 | D:1      | Found Evoyjic's Antique Armour Emporium.
   376 | D:1      | 376 ||| SHOPLISTING glowing crystal plate armour (2324
                  | gold, have 59).
   376 | D:1      | 376 ||| SHOPLISTING glowing leather armour (140 gold, have
                  | 59).
   376 | D:1      | 376 ||| SHOPLISTING scorched scale mail (252 gold, have
                  | 59).
   710 | D:1      | Reached skill level 3 in Axes
   800 | D:1      | 800 ||| UPGRADING to +0 chain mail.
   810 | D:1      | 810 ||| DROPPING +0 scale mail.
   811 | D:1      | 811 ||| READING scroll labelled VOALI FUBUCRE.
   812 | D:1      | 812 ||| READING scroll labelled XOUG COCZAPIOGG.
   813 | D:1      | 813 ||| READING scroll labelled WEOR COUREZIES.
   814 | D:1      | 814 ||| READING scroll labelled OTAZOB KOFAXT.
   815 | D:1      | 815 ||| DRINKING 2 golden potions.
   816 | D:1      | 816 ||| DROPPING potion of flight.
   917 | D:2      | Reached XP level 3. HP: 18/23 MP: 3/3
   982 | D:2      | 982 ||| DROPPING +0 club.
  1300 | D:2      | Found a faded altar of an unknown god.
  1370 | D:2      | Found a shimmering altar of Xom.
  1914 | D:2      | 1914 ||| READING scroll labelled WONAING TYAP.
  2015 | D:2      | 2015 ||| READING scroll labelled BUCERUBBEC.
  2016 | D:2      | 2016 ||| DRINKING 3 cyan potions.
  2017 | D:2      | 2017 ||| DRINKING 2 fizzy clear potions.
  2018 | D:2      | 2018 ||| DROPPING 2 potions of magic.
  2187 | D:3      | 2187 ||| Stepping ~*~*~tactically~*~*~ (stealth).
  2264 | D:3      | HP: 2/23 [gnoll/+0 flail (9)]
  2265 | D:3      | 2265 ||| DRINKING potion of heal wounds.
  2268 | D:3      | Reached XP level 4. HP: 28/28 MP: 4/4
  2271 | D:3      | Reached skill level 4 in Axes
  2273 | D:3      | 2273 ||| DROPPING +0 whip.
  2379 | D:3      | 2379 ||| Stepping ~*~*~tactically~*~*~ (hiding).
  2388 | D:3      | HP: 5/28 [gnoll/+0 spear (5)]
  2399 | D:3      | 2399 ||| FLEEEEING.
  2591 | D:3      | 2591 ||| Stepping ~*~*~tactically~*~*~ (stealth).
  2592 | D:3      | 2592 ||| Stepping ~*~*~tactically~*~*~ (stealth).
  2593 | D:3      | 2593 ||| Stepping ~*~*~tactically~*~*~ (hiding).
  2600 | D:3      | Reached XP level 5. HP: 26/32 MP: 5/5
  2614 | D:3      | 2614 ||| Stepping ~*~*~tactically~*~*~ (stealth).
  2617 | D:3      | 2617 ||| Stepping ~*~*~tactically~*~*~ (stealth).
  2622 | D:3      | HP: 8/32 [jackal (3)]
  2636 | D:3      | Reached skill level 5 in Axes
  2688 | D:3      | 2688 ||| Stepping ~*~*~tactically~*~*~ (stealth).
  2689 | D:3      | 2689 ||| Stepping ~*~*~tactically~*~*~ (stealth).
  2693 | D:3      | 2693 ||| Stepping ~*~*~tactically~*~*~ (stealth).
  2721 | D:3      | 2721 ||| Stepping ~*~*~tactically~*~*~ (stealth).
  2763 | D:3      | 2763 ||| Stepping ~*~*~tactically~*~*~ (stealth).
  2767 | D:3      | 2767 ||| Stepping ~*~*~tactically~*~*~ (stealth).
  2774 | D:3      | 2774 ||| Stepping ~*~*~tactically~*~*~ (stealth).
  2802 | D:3      | 2802 ||| Stepping ~*~*~tactically~*~*~ (stealth).
  2803 | D:3      | 2803 ||| FLEEEEING.
  2837 | D:3      | 2837 ||| FLEEEEING.
  2838 | D:3      | 2838 ||| FLEEEEING.
  2839 | D:3      | 2839 ||| FLEEEEING.
  3009 | D:3      | 3009 ||| Stepping ~*~*~tactically~*~*~ (hiding).
  3497 | D:3      | 3497 ||| UPGRADING to ring of positive energy.
  3498 | D:3      | 3498 ||| READING scroll labelled VICWEI HIUCIQIUNN.
  3532 | D:4      | 3532 ||| STAIRDANCE
  3549 | D:3      | Reached XP level 6. HP: 19/39 MP: 6/6
  3707 | D:4      | 3707 ||| STAIRDANCE
  3802 | D:4      | 3802 ||| Stepping ~*~*~tactically~*~*~ (stealth).
  3803 | D:4      | 3803 ||| Stepping ~*~*~tactically~*~*~ (stealth).
  3809 | D:4      | 3809 ||| Stepping ~*~*~tactically~*~*~ (stealth).
  3865 | D:4      | 3865 ||| Stepping ~*~*~tactically~*~*~ (stealth).
  3894 | D:4      | Found a staircase to the Ecumenical Temple.
  3895 | D:4      | 3895 ||| PLANNING TEMPLE
  3895 | D:4      | 3895 ||| UPGRADING to +0 plate armour.
  3905 | D:4      | 3905 ||| DROPPING +0 chain mail.
  3914 | Temple   | Entered the Ecumenical Temple
  3948 | Temple   | 3948 ||| PLANNING D:1-11
  3977 | D:4      | Reached skill level 6 in Axes
  3977 | D:4      | Reached XP level 7. HP: 33/44 MP: 7/7
  4242 | D:4      | 4242 ||| Stepping ~*~*~tactically~*~*~ (stealth).
  4246 | D:4      | 4246 ||| Stepping ~*~*~tactically~*~*~ (stealth).
  4341 | D:4      | Found a glowing golden altar of the Shining One.
  4730 | D:4      | 4730 ||| READING 3 scrolls labelled JOMAZ SEFIRA.
  4731 | D:4      | 4731 ||| READING scroll labelled YJALYTURISU.
  4732 | D:4      | 4732 ||| READING scroll labelled ZIHESI XEEKKA.
  4737 | D:4      | 4737 ||| DRINKING 3 fizzy coppery potions.
  4738 | D:4      | 4738 ||| DRINKING 2 coppery potions.
  4739 | D:4      | 4739 ||| DROPPING 2 potions of brilliance.
  4740 | D:4      | 4740 ||| DROPPING 2 scrolls of fear.
  4750 | D:5      | Entered Level 5 of the Dungeon
  4794 | D:5      | Found a transporter.
  4852 | D:5      | Found an iron altar of Okawaru.
  4853 | D:5      | Found a blossoming altar of Fedhas.
  4952 | D:5      | Reached skill level 7 in Axes
  5048 | D:5      | Found a transporter.
  5168 | D:5      | 5168 ||| UPGRADING to +0 pair of gloves.
  5173 | D:5      | 5173 ||| READING 2 scrolls of identify.
  5173 | D:5      | 5173 ||| IDENTIFYING emerald potion
  5217 | D:5      | Became a worshipper of Warmaster Okawaru
  5465 | D:6      | Reached XP level 8. HP: 41/50 MP: 8/8
  5573 | D:6      | Reached skill level 1 in Dodging
  5736 | D:6      | Found Tickysef's Antique Armour Shop.
  5757 | D:6      | 5757 ||| BUYING pair of boots (117 gold).
  5757 | D:6      | Bought a pair of boots for 117 gold pieces
  5769 | D:6      | Found a faded altar of an unknown god.
  5769 | D:6      | Found a faded altar of an unknown god.
  5771 | D:6      | Found a hazy altar of Hepliaklqana.
  5771 | D:6      | Found a faded altar of an unknown god.
  6072 | D:6      | 6072 ||| UPGRADING to +0 helmet.
  6077 | D:6      | 6077 ||| UPGRADING to +0 pair of boots.
  6082 | D:6      | 6082 ||| READING scroll labelled JAARUESAGES.
  6083 | D:6      | 6083 ||| READING scroll labelled OLLEKI PEOLYN.
  6084 | D:6      | 6084 ||| DRINKING 2 brown potions.
  6085 | D:6      | 6085 ||| READING 2 scrolls of identify.
  6085 | D:6      | 6085 ||| IDENTIFYING yellow potion
  6124 | D:7      | Found a shimmering altar of Xom.
  6204 | D:7      | Found a white marble altar of Elyvilon.
  6243 | D:7      | Noticed Pikel
  6254 | D:7      | HP: 10/50 [Pikel/bolt of acid (12)]
  6255 | D:7      | HP: 4/50 [Pikel/+1 whip of freezing (1)]
  6255 | D:7      | HP: 1/50 [lemure[Pikel] (3)]
  6255 | D:7      | Slain by a lemure

Levels and vault maps discovered:
D:1:      lightli_arrival_isolated_outpost, layout_basic, serial_shops,
          nicolae_shop_behind_doors, shop, chequers_serial_rivers_small_b
D:2:      mumra_celtic_spiral_tile, layout_loops_ring,
          dreamdust_ecumenical_altar_grove, basic_altar
D:3:      layout_basic
D:4:      layout_rooms, tso_altar, minmay_temple_entry_purple_smoke,
          kennysheep_generic_room_13
D:5:      gammafunk_steamed_eel, layout_rooms, mainiacjoe_overflow_divided_tiny,
          serial_park_tiny_2, hex_tiny
D:6:      layout_loops_ring, nicolae_hepliaklqana_ecumenical_no_more,
          serial_shops, nicolae_shop_statue_plus
D:7:      layout_layer_cave, mainiacjoe_overflow_concentric_impassable,
          nicolae_dithmenos_through_a_glass_darkly, amcnicky_altar_gilded,
          uniq_pikel, uniq_joseph
Temple:   nicolae_temple_little_seven

Skill      XL: |  1  2  3  4  5  6  7  8 |
---------------+-------------------------+-----
Axes           | 2 3 4 5 6 7 |  7.2
Fighting       | 4 5 |  5.4
Armour         | 4 |  4.3
Dodging        | 1 |  1.2
Shields        | |  3.2

Action                   |  1- 3 |  4- 6 |  7- 9 || total
-------------------------+-------+-------+-------++-------
Melee: War axe           |   106 |   130 |   132 ||   368
  Use: Scroll            |     6 |     1 |     7 ||    14
       Potion            |     4 |       |     3 ||     7
Armor: Scale mail        |    14 |       |       ||    14
       Chain mail        |    35 |    81 |       ||   116
       Plate armour      |       |    19 |   103 ||   122
Dodge: Dodged            |    38 |    48 |    49 ||   135
Block: Buckler           |    17 |    24 |    22 ||    63

Table legend:
 A = Non-vault XP
 B = Vault XP
 C = Vault XP percentage of total XP
 D = Non-vault monster count
 E = Vault monster count
 F = Vault count percentage of total count
                 A         B        C        D         E       F
            +---------+---------+-------+---------+---------+-------
      Total |    1291 |     118 |   8.4 |      97 |       1 |   1.0
            +---------+---------+-------+---------+---------+-------
        D:1 |      30 |       0 |   0.0 |      18 |       0 |   0.0
        D:2 |      25 |       0 |   0.0 |      13 |       0 |   0.0
        D:3 |     316 |       0 |   0.0 |      31 |       0 |   0.0
        D:4 |     343 |     118 |  25.6 |      20 |       1 |   4.8
        D:5 |     129 |       0 |   0.0 |       5 |       0 |   0.0
        D:6 |     448 |       0 |   0.0 |      10 |       0 |   0.0
            +---------+---------+-------+---------+---------+-------
